 Dungeon Crawl Stone Soup version 0.25-a0-561-g0977b4d109 (webtiles) character file.

Game seed: 16323184293480696869, levelgen mode: deterministic

39 Flugslaktarn the Shield-Bearer (level 3, -8/34 HPs)
             Began as a Deep Dwarf Fighter on Feb 25, 2020.
             Mangled by an ogre
             ... wielding a +0 giant club
              (16 damage)
             ... on level 2 of the Dungeon.
             The game lasted 00:00:14 (265 turns).

Flugslaktarn the Shield-Bearer (Deep Dwarf Fighter)  Turns: 265, Time: 00:00:15

Health: -8/34      AC:  6    Str: 20    XL:     3   Next: 28%
Magic:  2/2        EV:  7    Int:  8    God:
Gold:   13         SH:  9    Dex: 12    Spells: 2/2 levels left

rFire    . . .     SeeInvis .   a - +0 war axe
rCold    . . .     Gourm    .   c - +0 kite shield
rNeg     . . .     Faith    .   b - +0 scale mail
rPois    .         Spirit   .   (no helmet)
rElec    .         Reflect  .   (no cloak)
rCorr    .         Harm     .   (no gloves)
MR       .....                  (no boots)
Stlth    ..........             (no amulet)
HPRegen  0.00/turn              (no ring)
MPRegen  0.08/turn              (no ring)

@: lethally poisoned (-8 -> -8), non-regenerating
A: damage resistance, heal wounds, sense surroundings 1, no regeneration
a: Heal Wounds


You were on level 2 of the Dungeon.
You were not hungry.

You visited 1 branch of the dungeon, and saw 2 of its levels.

You collected 13 gold pieces.

Inventory:

Hand Weapons
 a - a +0 war axe (weapon)
Armour
 b - a +0 scale mail (worn)
 c - a +0 kite shield (worn)
Scrolls
 g - a scroll of enchant armour {unknown}
 h - a scroll of immolation {unknown}
Potions
 d - a potion of might
 i - a potion of curing {unknown}
Comestibles
 e - 2 rations
 f - 2 chunks of flesh


   Skills:
 + Level 3.0 Fighting
 * Level 3.1 Axes
 + Level 3.6 Armour
 + Level 3.6 Shields


You had 2 spell levels left.
You didn't know any spells.
Your spell library was empty.

Dungeon Overview and Level Annotations

Branches:
Dungeon (2/15)

Altars:


Innate Abilities, Weirdness & Mutations

You are resistant to damage.
You can heal yourself by infusing magical energy.
You passively map a small area around you.
You do not regenerate.


Message History

Found a scroll labeled XOUTEP MEOCS.
You hit the ogre but do no damage.
The ogre hits you with a +0 giant club!!
Ouch! That really hurt!
* * * LOW HITPOINT WARNING * * *
You are too injured to fight recklessly!
You are too injured to fight recklessly!
You are too injured to fight recklessly!
You are too injured to fight recklessly!
You are too injured to fight recklessly!
You are too injured to fight recklessly!
You are too injured to fight recklessly!
You are too injured to fight recklessly!
You are too injured to fight recklessly!
You are too injured to fight recklessly!
You are too injured to fight recklessly!
You are too injured to fight recklessly!
You are too injured to fight recklessly!
You fail to use your ability.
The ogre hits you with a +0 giant club!
You die...

...####'#.## * +
...# #.#..# #.#
####.## ...#
#.##.###.# .......
, * ...# #.##..##.#
....... ...#*
#.###)##.##.......
...# #.# #.##..
....... * ...# ,#.#
#..#.#*....... ...#
,#.####.#.##.......
####*
,*#......@O......
*#.##..##....... *
*#.##..#*.......* ,
, #.##..# .......*
* * * *
*#.###.#*....... ,
#.# #># ..?....* ,
*########.# ###
###.###* ,
#........# .#** *
#.######## ,, , , ,


You could see an ogre.

Vanquished Creatures
  Jessica (D:2)
  A worm (D:2)
  A leopard gecko (D:1)
  3 bats (D:1)
  A giant cockroach (D:1)
  A hobgoblin (D:1)
  2 ball pythons
  A kobold (D:1)
11 creatures vanquished.

Notes
Turn   | Place    | Note
-------+----------+-------------------------------------------
     0 | D:1      | Flugslaktarn the Deep Dwarf Fighter began the quest for the
                  | Orb.
     0 | D:1      | Reached XP level 1. HP: 20/20 MP: 1/1
   125 | D:1      | Reached XP level 2. HP: 22/27 MP: 2/2
   226 | D:2      | Noticed Jessica
   239 | D:2      | Killed Jessica
   239 | D:2      | Reached XP level 3. HP: 21/34 MP: 3/3
   260 | D:2      | Noticed an ogre
   265 | D:2      | Mangled by an ogre

Levels and vault maps discovered:
D:1:      ncdulo_watergridlock, layout_rooms
D:2:      layout_basic, uniq_jessica

Skill      XL: |  1  2 |
---------------+-------+-----
Fighting       | 3 |  3.0
Axes           | 3 |  3.1
Armour         | |  3.6
Shields        | |  3.6

Action                   || total
-------------------------++-------
Melee: War axe           ||    44
 Abil: Heal Wounds       ||     2
Armor: Scale mail        ||    19
Dodge: Dodged            ||    17
Block: Kite shield       ||    22

Table legend:
 A = Non-vault XP
 B = Vault XP
 C = Vault XP percentage of total XP
 D = Non-vault monster count
 E = Vault monster count
 F = Vault count percentage of total count
                 A         B        C        D         E       F
            +---------+---------+-------+---------+---------+-------
      Total |      20 |      37 |  64.9 |      10 |       1 |   9.1
            +---------+---------+-------+---------+---------+-------
        D:1 |      14 |       0 |   0.0 |       8 |       0 |   0.0
        D:2 |       6 |      37 |  86.0 |       2 |       1 |  33.3
            +---------+---------+-------+---------+---------+-------
